 Dungeon Crawl Stone Soup version 0.25-a0-426-g7d9e569eea (webtiles) character file.

Game seed: 10316930509214136021, levelgen mode: deterministic

34 kae the Insei (level 3, -3/20 HPs)
             Began as a Tengu Transmuter on Jan 24, 2020.
             Slain by a wight
             ... wielding a +5 hand axe
              (10 damage)
             ... on level 4 of the Dungeon.
             The game lasted 00:00:56 (1317 turns).

kae the Insei (Tengu Transmuter)                    Turns: 1317, Time: 00:00:57

Health: -3/20      AC:  2    Str: 10    XL:     3   Next: 31%
Magic:  6/7        EV: 18    Int: 13    God:
Gold:   106        SH:  0    Dex: 20    Spells: 5/6 levels left

rFire    . . .     SeeInvis .     - Unarmed
rCold    . . .     Gourm    .   (no shield)
rNeg     . . .     Faith    .   b - +0 robe
rPois    .         Spirit   .   (helmet restricted)
rElec    .         Reflect  .   (no cloak)
rCorr    .         Harm     .   (no gloves)
MR       .....                  (boots unavailable)
Stlth    +++.......             (no amulet)
HPRegen  0.06/turn              (no ring)
MPRegen  0.10/turn              (no ring)

@: agile, appendage (expiring)
A: beak, horns 2, talons 3
a: End Transformation


You were on level 4 of the Dungeon.
You were very hungry.
You had grown temporary horns.
You visited 1 branch of the dungeon, and saw 3 of its levels.

You collected 106 gold pieces.

Inventory:

Missiles
 a - 12 arrows
Armour
 b - a +0 robe (worn)
Scrolls
 c - a scroll of fog {unknown}
 e - 2 scrolls of identify
 g - a scroll of enchant weapon
Potions
 f - a potion of brilliance
 j - a potion of degeneration
Comestibles
 d - 3 rations


   Skills:
 - Level 1.0 Fighting
 - Level 2.1 Dodging
 * Level 4.3 Unarmed Combat
 - Level 2.0 Spellcasting
 + Level 2.1 Transmutations


You had 5 spell levels left.
You knew the following spells:

 Your Spells              Type           Power        Failure   Level  Hunger
a - Beastly Appendage     Tmut           #.....       11%         1    ##.....

Your spell library contained the following spells:

 Spells                   Type           Power        Failure   Level  Hunger
 Sticks to Snakes         Tmut           #.......     16%         2    ###....
 Spider Form              Tmut/Pois      #.........   45%         3    ####...
 Ice Form                 Ice/Tmut       #.......     86%         4    #####..
 Blade Hands              Tmut           #.........   96%         5    ######.


Dungeon Overview and Level Annotations

Branches:
Dungeon (2/15)

Altars:


Innate Abilities, Weirdness & Mutations

You have a beak for a mouth.
You have claws for feet.
You have a pair of horns on your head.


Message History

Okay, then.
You feel agile all of a sudden. The wight misses you.
Casting: Beastly Appendage (safe; 11% risk of failure)
Confirm with . or Enter, or press ? or * to list all spells.
You grow a pair of large bovine horns.
The wight misses you.
An ooze comes into view.
The wight completely misses you. The wight barely misses you.
You barely miss the wight. The wight misses you.
The wight hits you from afar with a +2 halberd!
Ouch! That really hurt!
You closely miss the wight.
The ooze quivers.
You claw the wight.
The wight is moderately damaged.
Your transformation is almost over.
The wight hits you with a +5 hand axe!
Ouch! That really hurt!
You die...

#..........#
#....?...>.#
#..........#
#..........#
#..........#
#.....zz...#
######z#####
#z# #@# #.#
..# ....
###J. #...
##.. ...


You could see 4 wights and an ooze.

Vanquished Creatures
  A dart slug (D:1)
  2 leopard geckos (D:1)
  2 ball pythons (D:1)
  2 bats (D:1)
  A giant cockroach (D:1)
  5 goblins (D:1)
  3 hobgoblins (D:1)
  A jackal (D:1)
  6 kobolds (D:1)
  2 frilled lizards (D:1)
  A rat (D:1)
26 creatures vanquished.

Notes
Turn   | Place    | Note
-------+----------+-------------------------------------------
     0 | D:1      | kae the Tengu Transmuter began the quest for the Orb.
     0 | D:1      | Reached XP level 1. HP: 12/12 MP: 4/4
   324 | D:1      | Reached XP level 2. HP: 16/16 MP: 4/6
   670 | D:1      | Reached skill level 4 in Unarmed Combat
   688 | D:1      | Reached XP level 3. HP: 11/20 MP: 7/7
  1305 | D:2      | You fall into a shaft and drop 2 floors!
  1317 | D:4      | Slain by a wight

Levels and vault maps discovered:
D:1:      giann_wishing_wells, layout_loops_ring, minmay_indecisive_spiral
D:2:      layout_rooms, kennysheep_slug_shrine, uniq_terence
D:4:      layout_rooms, okawaru_altar_gauntlet_db

Skill      XL: |  1  2 |
---------------+-------+-----
Unarmed Combat | 4 |  4.3
Transmutations | 2 |  2.1
Fighting       | |  1.0
Dodging        | |  2.1
Spellcasting   | |  2.0

Action                   || total
-------------------------++-------
Melee: Unarmed           ||    68
       Kick              ||    13
       Peck              ||     4
       Headbutt          ||     2
       Punch             ||     1
 Cast: Beastly Appendage ||    10
  Use: Scroll            ||     6
       Potion            ||     1
Armor: Robe              ||     9
Dodge: Dodged            ||    46

Table legend:
 A = Non-vault XP
 B = Vault XP
 C = Vault XP percentage of total XP
 D = Non-vault monster count
 E = Vault monster count
 F = Vault count percentage of total count
                 A         B        C        D         E       F
            +---------+---------+-------+---------+---------+-------
      Total |      42 |       7 |  14.3 |      22 |       4 |  15.4
            +---------+---------+-------+---------+---------+-------
        D:1 |      42 |       7 |  14.3 |      22 |       4 |  15.4
            +---------+---------+-------+---------+---------+-------
